AoeStats
← nikikiker

Black Forest

509323926Analyzed
4v4 RM · 6d ago on Sep 26, 2026· 65m 20s· 8 players
Game mode
Random Map
Map size
Large (8 player)
Population
200
Speed
Normal
Resources
Standard
Victory
Conquest
Starting age
Dark Age
Ending age
Imperial Age
RankedLock teamsTeams togetherTeam positionsShared explorationLock speedFull tech treeHidden civsTurbo modeCheats
Victory
Defeat
🇮🇳 Wu · India
1287
+12
🇩🇪 Mongols · Germany
1266
+13
🇰🇷 Bengalis · South Korea
1237
+14
🇺🇦 Bohemians · Ukraine
1231
+14
🇦🇺 Varangians · Australia
1214
-14
🇦🇺 Berbers · Australia
1213
-14
🇦🇺 Persians · Australia
1201
-13
🇦🇺 Danes · Australia
1155
-12
Øa10ŚūnyaØx
0:55 Loom
11:03 Feudal Age
11:11 Man-at-Arms
11:37 Arson
18:56 Castle Age
16:59 Stone Mining
17:17 Horse Collar
17:27 Double-Bit Axe
20:18 Gold Mining
21:32 Fletching
22:39 Red Cliffs Tactics
23:42 Bodkin Arrow
26:32 Padded Archer Armor
27:55 Wheelbarrow
34:25 Imperial Age
33:26 Leather Archer Armor
34:23 Gold Shaft Mining
35:57 Bow Saw
36:39 Conscription
37:08 Treadmill Crane
40:03 Chemistry
39:14 Masonry
39:27 Ballistics
40:04 Heavy Scorpion
40:56 Sitting Tiger
43:47 Scale Mail Armor
43:57 Forging
43:48 Bracer
44:14 Hand Cart
43:26 Pikeman
44:07 Squires
44:13 Squires
45:23 Halberdier
47:26 Halberdier
RARRY
7:51 Loom
10:28 Feudal Age
16:27 Castle Age
14:52 Double-Bit Axe
15:17 Horse Collar
17:36 Bow Saw
19:46 Fishing Lines
21:00 Wheelbarrow
20:33 Gold Mining
23:03 Hand Cart
24:44 Gillnets
28:28 Imperial Age
26:38 Scale Barding Armor
26:43 Forging
26:31 Stone Mining
27:20 Gold Shaft Mining
27:45 Chain Barding Armor
27:52 Town Watch
28:21 Bloodlines
28:12 Husbandry
28:31 Fervor
28:54 Forging
28:48 Husbandry
28:11 Light Cavalry
28:53 Husbandry
29:30 Town Patrol
30:20 Plate Barding Armor
30:20 Iron Casting
30:11 Ballistics
31:48 Two-Man Saw
32:15 Conscription
32:39 Sanctity
32:01 Elite Battle Elephant
32:51 Paiks
34:25 Iron Casting
33:40 Fletching
34:55 Heavy Plow
35:30 Mahayana
36:43 Blast Furnace
35:39 Bodkin Arrow
35:09 Elite Skirmisher
36:35 Padded Archer Armor
37:38 Chemistry
36:50 Caravan
37:06 Scale Mail Armor
37:12 Padded Archer Armor
36:37 Elite Elephant Archer
37:38 Scale Mail Armor
39:52 Crop Rotation
39:54 Block Printing
41:46 Bracer
42:01 Leather Archer Armor
42:02 Chain Mail Armor
44:32 Siege Engineers
48:50 Ring Archer Armor
63:34 Pikeman
64:15 Squires
Johnson
10:18 Feudal Age
11:08 Double-Bit Axe
15:19 Castle Age
16:30 Bow Saw
17:07 Horse Collar
18:14 Heavy Plow
22:06 Fishing Lines
23:26 Gillnets
25:14 Wheelbarrow
24:25 Loom
25:23 Gold Mining
25:24 Stone Mining
26:47 Gold Shaft Mining
26:43 Hand Cart
26:13 Town Watch
27:15 Town Watch
30:40 Imperial Age
29:01 Town Patrol
29:40 Ballistics
29:19 Fletching
29:29 Padded Archer Armor
29:37 Scale Barding Armor
29:43 Forging
30:09 Bodkin Arrow
30:17 Caravan
31:29 Chain Barding Armor
31:45 Iron Casting
31:30 Leather Archer Armor
31:22 Bracer
32:27 Chemistry
31:23 Murder Holes
30:56 Capped Ram
31:05 Light Cavalry
31:55 Bloodlines
31:49 Siege Ram
32:41 Thumb Ring
32:40 Husbandry
33:27 Coinage
34:06 Parthian Tactics
33:04 Pikeman
33:07 Hussar
35:25 Blast Furnace
34:28 Scale Mail Armor
35:00 Banking
35:44 Drill
34:55 Onager
36:16 Conscription
37:02 Elite Mangudai
40:13 Stone Shaft Mining
46:09 Siege Onager
59:47 Heavy Camel Rider
nikikiker
1:07 Loom
13:04 Feudal Age
17:02 Castle Age
17:18 Double-Bit Axe
19:52 Chemistry
20:15 Padded Archer Armor
20:11 Horse Collar
25:50 Bow Saw
26:57 Forging
26:31 Fishing Lines
28:11 Wheelbarrow
30:03 Leather Archer Armor
34:15 Imperial Age
32:18 Town Watch
34:30 Houfnice
41:29 Siege Engineers
42:29 Ring Archer Armor
42:13 Heavy Plow
46:33 Scale Mail Armor
48:14 Hand Cart
48:17 Pikeman
48:57 Squires
49:14 Chain Mail Armor
49:35 Iron Casting
49:10 Arson
50:34 Plate Mail Armor
49:39 Halberdier
52:32 Blast Furnace
55:06 Masonry
56:16 Elite Skirmisher
61:05 Hussite Reforms
61:27 Conscription
62:14 Town Patrol
63:27 Gillnets
64:30 Architecture
Torg
11:39 Feudal Age
15:20 Castle Age
15:36 Double-Bit Axe
18:36 Bow Saw
23:14 Fishing Lines
24:14 Wheelbarrow
25:04 Hand Cart
29:09 Imperial Age
26:53 Horse Collar
27:56 Scale Barding Armor
28:02 Forging
28:16 Gold Mining
28:17 Stone Mining
27:51 Demolition Ship
28:24 Gillnets
29:01 Chain Barding Armor
29:17 Ballistics
29:09 Masonry
29:02 Husbandry
28:52 Cavalier
30:37 Conscription
30:39 Bloodlines
31:29 Gold Shaft Mining
31:30 Stone Shaft Mining
31:29 Town Watch
31:30 Loom
33:11 Plate Barding Armor
34:04 Coinage
34:28 Iron Casting
35:27 Banking
34:41 Savar
36:23 Blast Furnace
36:45 Chemistry
36:16 Architecture
36:05 Town Patrol
37:24 Hoardings
36:48 Murder Holes
40:36 Citadels
39:50 Elite War Elephant
50:37 Light Cavalry
51:35 Guilds
51:43 Hussar
54:42 Kamandaran
55:10 Fletching
55:53 Bodkin Arrow
56:42 Pikeman
57:24 Squires
Adavi306
0:38 Loom
15:42 Feudal Age
19:40 Castle Age
20:19 Double-Bit Axe
20:37 Horse Collar
24:26 Fishing Lines
30:24 Wheelbarrow
29:37 Town Watch
31:24 Hand Cart
31:34 Hand Cart
39:57 Bow Saw
42:06 Forging
42:01 Padded Archer Armor
41:52 Fletching
44:50 Fortified Wall
44:50 Masonry
50:38 Imperial Age
52:10 Bloodlines
52:01 Husbandry
murrayj
0:47 Loom
10:35 Feudal Age
14:19 Fletching
21:26 Castle Age
19:46 Stone Mining
20:00 Double-Bit Axe
20:08 Horse Collar
21:37 Scale Mail Armor
23:04 Wheelbarrow
24:16 Bodkin Arrow
25:04 Chain Mail Armor
24:51 Padded Archer Armor
25:47 Masonry
25:16 Elite Skirmisher
28:38 Padded Archer Armor
29:38 Leather Archer Armor
30:54 Thumb Ring
31:28 Fishing Lines
33:14 Gold Mining
33:37 Town Watch
34:42 Hand Cart
34:40 Bow Saw
35:09 Stone Shaft Mining
36:28 Hamask
38:46 Chain Mail Armor
43:38 Imperial Age
43:45 Onager
44:28 Bracer
43:53 Elite Genitour
45:06 Ring Archer Armor
45:08 Plate Mail Armor
45:01 Conscription
44:45 Northmen's Fury
45:17 Gillnets
45:35 Elite Jomsviking
47:09 Siege Engineers
47:26 Ballistics
48:09 Chemistry
47:21 Forging
48:51 Pikeman
49:31 Squires
49:04 Siege Onager
52:42 Iron Casting
54:46 Blast Furnace
54:13 Guard Tower
54:08 Arrowslits
55:15 Halberdier
55:18 Elite Varangian Guard
58:20 Arson
Incitatus
10:51 Feudal Age
16:24 Castle Age
16:14 Fishing Lines
16:44 Double-Bit Axe
18:10 Gillnets
20:03 Bow Saw
23:18 Wheelbarrow
25:16 Bloodlines
25:38 Scale Barding Armor
25:48 Forging
27:41 Chain Barding Armor
29:57 Loom
34:18 Imperial Age
32:15 Husbandry
31:39 Vendel Legacy
33:35 Iron Casting
33:35 Horse Collar
35:24 Conscription
34:42 Cavalier
37:48 Plate Barding Armor
38:14 Blast Furnace
56:18 Two-Man Saw
Connection lost

Rejoining the realm…

Still unreachable

The connection could not be restored.

Session expired

The server has moved on; the page needs a fresh start.